Zazza, lawful female dwarven Valkyrie ------- |..>..| -------------- |......##### |.............# #-.....| # |............|# #------- ### |............|# # # ----------`###### |............|### # ###|........|# -.--------- -.------------ # # #-........-## |.........| ###### ### [ ` |....%...|## |.........| # # `#################.........|#### |.........| ### ### -----# # ----------# # |.........| # # |...|# #################` ##-.........| ### ###|....# ----------- # #..@.| --------.---- |.I.| |...........| #-...| |...........-########----- |.<.........| ------------- Zazza the Fighter Experience level: 7 Strength: 18/04 Dexterity: 13 Constitution: 17 Intelligence: 7 Wisdom: 11 Charisma: 8 Health: 0(67) Energy: 10(10) Def: 9 Gold: 671 Moves: 6289 Dungeon seed: tI5Ejzyndi0m5-UC Game ID: Zazza_1525991101 Your Inventory: Coins $ - 671 gold pieces Weapons a - a thoroughly rusty +1 long sword c - 12 +0 elven arrows (in quiver) h - a +0 elven spear j - a +0 elven bow (alternate weapon; not wielded) o - 2 +0 orcish daggers u - a +0 elven dagger D - the rustproof +0 Mjollnir Armor b - an uncursed +0 elven leather helm e - an uncursed +3 small shield (being worn) g - an uncursed +0 elven mithril-coat i - a cursed +0 elven leather helm m - an uncursed +0 elven cloak (being worn) n - an uncursed +0 pair of speed boots (being worn) q - a blessed +0 orcish helm (being worn) v - an uncursed +0 elven mithril-coat C - a blessed +1 mummy wrapping G - a blessed +0 leather armor (being worn) Comestibles f - an uncursed hobgoblin corpse Scrolls p - an uncursed scroll of create monster s - an uncursed scroll of punishment w - an uncursed scroll of remove curse x - an uncursed scroll of magic mapping z - 6 uncursed scrolls of blank paper A - a blessed scroll of amnesia F - an uncursed scroll of stinking cloud H - an uncursed scroll of confuse monster J - an uncursed scroll of teleportation K - an uncursed scroll of food detection L - a blessed scroll of food detection M - a blessed scroll of teleportation R - an uncursed scroll of enchant weapon W - a cursed scroll of blank paper Spellbooks t - an uncursed spellbook of create monster S - an uncursed spellbook of create monster Potions k - a blessed potion of see invisible Z - an uncursed potion of gain ability Tools d - an uncursed oil lamp (0:1110) O - a +0 pick-axe (weapon in hand) U - an uncursed magic lamp X - an uncursed lock pick Gems l - an uncursed worthless piece of red glass r - an uncursed worthless piece of white glass y - an uncursed worthless piece of orange glass B - an uncursed garnet stone I - 2 uncursed worthless pieces of yellowish brown glass N - an uncursed jet stone P - an uncursed amethyst stone Q - an uncursed worthless piece of green glass T - an uncursed agate stone V - 3 uncursed worthless pieces of blue glass Y - 2 uncursed worthless pieces of black glass Spells and supernatural/magical abilities: Name Level Category Fail Memory O - create monster 2 clerical 100% 87% W - pray for help -- divine ? -- Your skills at the end: Fighting Skills Weapon Skills dagger [Basic] pick-axe [Basic] long sword [Skilled] Spellcasting Skills Final Attributes: You were piously aligned. You were cold resistant. You were blinded. You were telepathic. You had infravision. You were stealthy. You were very fast. You are dead. Vanquished creatures: a raven a gnome mummy 4 Woodland-elves 2 bugbears 2 rock moles 2 ponies a fog cloud a kobold mummy a red naga hatchling a golden naga hatchling a gray ooze a ghoul a straw golem 2 paper golems 3 giant ants 2 floating eyes a kitten 2 kobold shamans 2 rothes a centipede a giant bat 2 dwarf zombies a werejackal 5 iguanas 3 killer bees a coyote 2 manes a large kobold a hobgoblin 3 giant rats a brown mold 3 yellow molds a green mold a red mold 3 gnomes 7 geckos 10 jackals 5 foxes 3 kobolds 4 goblins 4 sewer rats 10 grid bugs 2 bats 3 lichens 2 kobold zombies 13 newts 124 creatures vanquished. Voluntary challenges: You used a wielded weapon 172 times, starting on turn 5. You read items or engraved 11 times, starting on turn 2714. You never genocided any monsters. You never polymorphed an object. You never changed form. You used no wishes. You never split a pudding. You wrote Elbereth's name 2 times, starting on turn 2714. You violated your moral code, losing 1 point of alignment, starting on turn 4204. Dungeon overview: The Dungeons of Doom: levels 1 to 5 Level 1 an altar to Tyr a long staircase Level 2 a scroll shop Level 3 a fountain Level 4 stairs to The Gnomish Mines Level 5 <- You were here The Gnomish Mines: levels 5 to 9 Level 5 stairs to The Dungeons of Doom Level 6 Level 7 many shops, a temple to Loki, some fountains Level 8 Level 9 History has recorded: On T:1 you entered the Dungeons of Doom to retrieve the Amulet of Yendor! On T:439 you reached level 2 of The Dungeons of Doom. On T:482 you advanced to experience level 2. On T:783 you advanced to experience level 3. On T:2164 you advanced to experience level 4. On T:2274 you reached level 3 of The Dungeons of Doom. On T:2812 you reached level 4 of The Dungeons of Doom. On T:3017 you reached level 1 of The Gnomish Mines. On T:3185 you advanced to experience level 5. On T:3473 you reached level 2 of The Gnomish Mines. On T:4299 you reached level 3 of The Gnomish Mines. On T:4499 you advanced to experience level 6. On T:4571 you reached level 4 of The Gnomish Mines. On T:4597 you reached level 5 of The Gnomish Mines. On T:5325 you received Mjollnir from Tyr. On T:5775 you advanced to experience level 7. On T:5995 you reached level 5 of The Dungeons of Doom. Score breakdown: Gold: 671 ( 9617 points) Experience: 7 levels (13645 points) Exploration: 9 levels ( 18.37%) (12247 points) Discoveries: 13 items ( 5.31%) ( 6910 points) Valuables value: (no points given unless you survive) Artifact value: 4000 (12253 points) Variety of kills: 46 monsters ( 12.07%) (10424 points) Turncount: 6289 turns (-1693 points) Survival: died (score multiplied by 80%) Total score: 50722 Latest messages: The orc mummy hits! The goblin hits! The orc mummy hits! As you read the scroll, it disappears. You have found a scroll of stinking cloud! Where do you want to center the cloud? The orc mummy misses. The goblin misses. Something is burning your lungs! You cough and spit blood! You kill the goblin! Something is burning your lungs! You cough and spit blood! Valkyrie, your life force is running out. You don't have enough stamina to move. It hits! Something is burning your lungs! You cough and spit blood! You die... Final status: Farvel Zazza the Valkyrie, killed by a gas cloud... You died in The Dungeons of Doom on dungeon level 5 with 50722 points, and 671 pieces of gold, after 6289 moves. You were level 7 with a maximum of 67 hit points when you died.